 Dungeon Crawl Stone Soup version 0.19.4 (webtiles) character file.

170 Jynx the Poker (level 5, -5/41 HPs)
             Began as a Merfolk Gladiator on Jan 31, 2017.
             Slain by gdspd's ghost (14 damage)
             ... on level 3 of the Dungeon.
             The game lasted 00:02:29 (1590 turns).

Jynx the Poker (Merfolk Gladiator)                  Turns: 1590, Time: 00:02:29

Health: -5/41      AC:  4    Str: 15    XL:     5   Next: 50%
Magic:  5/5        EV: 14    Int:  9    God:
Gold:   117        SH:  0    Dex: 14    Spells: 0 memorised, 4 levels left

rFire  . . .     SeeInvis .     a - +0 trident
rCold  . . .     Gourm    .     b - +0 leather armour
rNeg   . . .     Faith    .     (no shield)
rPois  .         Spirit   .     c - +0 helmet
rElec  .         Reflect  .     (no cloak)
rCorr  .         Harm     .     (no gloves)
MR     .....                    (no boots)
Stlth  +.........               (no amulet)
                                (no ring)
                                (no ring)

@: no status effects
A: change form in water, swift swim, stealthy swim
a: no special abilities


You were on level 3 of the Dungeon.
You were not hungry.

You visited 1 branch of the dungeon, and saw 4 of its levels.

You collected 117 gold pieces.

Inventory:

Hand Weapons
 a - a +0 trident (weapon)
Armour
 b - a +0 leather armour (worn)
 c - a +0 helmet (worn)
Scrolls
 h - 3 scrolls of identify {unknown}
 i - a scroll of remove curse {unknown}
 k - 3 scrolls of recharging {unknown}
 l - 2 scrolls of amnesia {unknown}
 o - a scroll of magic mapping {unknown}
 p - 2 scrolls of teleportation {unknown}
Potions
 e - a potion of magic {unknown}
 j - a potion of resistance {unknown}
 m - a potion of cancellation {unknown}
 n - a potion of curing {unknown}
 r - a potion of might {unknown}
 s - a potion of brilliance {unknown}
Books
 d - a book of Conjurations

   Spells                             Type                      Level
   a - Magic Dart                     Conjuration                  1
   b - Searing Ray                    Conjuration                  2
   c - Dazzling Spray                 Conjuration/Hexes            3
   d - Fulminant Prism                Conjuration/Hexes            4
   e - Iskenderun's Mystic Blast      Conjuration                  4
   f - Iskenderun's Battlesphere      Conjuration/Charms           5
Comestibles
 f - 5 bread rations
 g - 4 meat rations


   Skills:
 + Level 3.5 Fighting
 * Level 6.4 Polearms
 + Level 3.0 Throwing
 + Level 4.7 Dodging


You had 4 spell levels left.
You didn't know any spells.

Dungeon Overview and Level Annotations

Branches:
Dungeon (4/15)
 Temple: D:4-7

Altars:
Elyvilon

Annotations:
D:3 gdspd's ghost, amateur MiFi
D:4 Yarinad's ghost, novice HOFi


Message History

Yarinad's ghost closely misses you.
You barely miss Yarinad's ghost. Yarinad's ghost hits you.
* * * LOW HITPOINT WARNING * * *
You are too injured to fight recklessly!
You are too injured to fight recklessly!
You are too injured to fight recklessly!
You are too injured to fight recklessly!
You are too injured to fight recklessly!
You are too injured to fight recklessly!
There is an open door here.
You see here 16 stones.
There is a stone staircase leading up here.
Yarinad's ghost hits you!
* * * LOW HITPOINT WARNING * * *
You climb upwards.
Level annotation: gdspd's ghost, amateur MiFi Gdspd's ghost closely misses you.
There is a stone staircase leading down here.
Gdspd's ghost hits you!
You die...

....((...........#
.................#
.................#
...(.............#
######.....รท.....#
#...........#
###...........#
#.............#####
#....##.#.@W......#
#.... #.#.#######.#
#.... #.#.#
####.#### #...
#.#.# #....... #
#.#.# #.....#
#.#.####.....#
#......<....#
###.........#
#......>..#


You could see gdspd's ghost.

Vanquished Creatures
  A phantom (D:4)
  A howler monkey (D:4)
  A dart slug (D:1)
  A ball python (D:2)
  6 bats
  4 giant cockroaches
  2 goblins
  9 hobgoblins
  3 kobolds
  6 frilled lizards
  6 rats
40 creatures vanquished.

Notes
Turn   | Place    | Note
-------+----------+-------------------------------------------
     0 | D:1      | Jynx the Merfolk Gladiator began the quest for the Orb.
     0 | D:1      | Reached XP level 1. HP: 16/16 MP: 1/1
    93 | D:1      | You fall through a shaft!
   108 | D:2      | Reached XP level 2. HP: 20/23 MP: 2/2
   597 | D:2      | Reached XP level 3. HP: 28/28 MP: 3/3
   631 | D:2      | Found a white marble altar of Elyvilon.
   646 | D:2      | Reached skill level 5 in Polearms
  1032 | D:3      | Noticed gdspd's ghost (amateur MiFi)
  1411 | D:4      | Noticed a phantom
  1429 | D:4      | Killed a phantom
  1429 | D:4      | Reached skill level 6 in Polearms
  1429 | D:4      | Reached XP level 4. HP: 34/35 MP: 4/4
  1429 | D:4      | Reached XP level 5. HP: 40/41 MP: 5/5
  1554 | D:4      | Noticed Yarinad's ghost (novice HOFi)
  1590 | D:3      | Slain by gdspd's ghost

Skill      XL: |  1  2  3  4  5 |
---------------+----------------+-----
Polearms       | 6 |  6.4
Fighting       | 3 |  3.5
Throwing       | 3 |  3.0
Dodging        | |  4.7

Action                   |  1- 3 |  4- 6 || total
-------------------------+-------+-------++-------
Melee: Trident           |   129 |    16 ||   145
Throw: Throwing net      |     3 |       ||     3
 Stab: Sleeping          |     1 |       ||     1
       Distracted        |       |     1 ||     1
  Eat: Chunk             |     1 |     1 ||     2
Armor: Leather armour    |    26 |     2 ||    28
Dodge: Dodged            |    66 |     7 ||    73
